 Dungeon Crawl Stone Soup version 0.19.1-1-g22dce08 (webtiles) character file.

36710 RUZZLEFAZAZZLE the Spear-Bearer (level 13, 0/73 HPs)
             Began as a Vine Stalker Berserker on Jan 19, 2017.
             Was a High Priest of Trog.
             Killed by divine providence
             ... invoked by a meliai
              (10 damage)
             ... on level 14 of the Dungeon.
             The game lasted 01:07:13 (13426 turns).

RUZZLEFAZAZZLE the Spear-Bearer (VSBe)             Turns: 13426, Time: 01:07:14

Health: 0/73       AC: 23    Str: 23    XL:     13   Next: 92%
Magic:  0/14       EV: 12    Int: 11    God:    Trog [*****.]
Gold:   773        SH:  0    Dex: 16    Spells: 0 memorised, 12 levels left

rFire  + . .     SeeInvis .     N - +3 bardiche (protect)
rCold  . . .     Gourm    .     D - +0 plate armour
rNeg   . . .     Faith    .     (shield currently unavailable)
rPois  .         Spirit   +     J - +0 helmet
rElec  .         Reflect  .     k - +0 cloak
rCorr  .         Harm     .     K - +1 pair of gloves
MR     +....                    d - +2 pair of boots
Stlth  ..........               o - amulet of regeneration
                                C - +4 ring of intelligence
                                s - ring of protection from fire

@: lethally poisoned (0 -> -1)
A: claws 1, fangs 3, regeneration 2, magic shield, antimagic bite, no device
heal 3, rot immunity
a: Berserk, Trog's Hand, Brothers in Arms, Burn Spellbooks, Renounce Religion


You were on level 14 of the Dungeon.
You worshipped Trog.
Trog was extremely pleased with you.
You were not hungry.

You visited 2 branches of the dungeon, and saw 15 of its levels.
You visited the Abyss 1 time.
You also visited: Sewer and Ice Cave.

You collected 833 gold pieces.
You spent 60 gold pieces at shops.

Inventory:

Hand Weapons
 j - a +0 giant spiked club
 N - a +3 bardiche of protection (weapon)
 R - a +4 halberd of freezing
Missiles
 u - 2 steel javelins (quivered)
Armour
 d - a +2 pair of boots (worn)
 k - a +0 cloak (worn)
 B - a +1 chain mail of cold resistance
 D - a +0 plate armour (worn)
 J - a +0 helmet (worn)
 K - a +1 pair of gloves (worn)
Jewellery
 o - an amulet of regeneration (around neck)
 s - a ring of protection from fire (left hand)
 C - a +4 ring of intelligence (right hand)
Wands
 I - a wand of teleportation (0/9)
Scrolls
 f - 2 scrolls of holy word
 g - 3 scrolls of recharging
 h - 2 scrolls of fear
 n - 5 scrolls of immolation {unknown}
 p - 2 scrolls of blinking {unknown}
 w - 2 scrolls of teleportation {unknown}
 x - 2 scrolls of fog {unknown}
 y - 4 scrolls of magic mapping {unknown}
 A - 4 scrolls of enchant armour {unknown}
 E - 5 scrolls of random uselessness {unknown}
 H - a scroll of remove curse
Potions
 b - 3 potions of brilliance
 e - 3 potions of might
 i - 2 potions of cancellation
 q - 10 potions of curing
 t - a potion of magic {unknown}
 v - 5 potions of flight
 G - 2 potions of berserk rage {unknown}
Miscellaneous
 F - a phial of floods
Comestibles
 c - 12 fruits
 m - 3 meat rations
 r - a beef jerky
 z - 9 bread rations
 L - 5 chunks of flesh
 Q - 5 slices of pizza


   Skills:
 + Level 10.8 Fighting
 + Level 11.4 Polearms
 + Level 5.2 Throwing
 + Level 9.6 Armour
 + Level 9.7 Dodging


You had 12 spell levels left.
You didn't know any spells.

Dungeon Overview and Level Annotations

Branches:
Dungeon (14/15)            Temple (1/1) D:5            Lair (0/6) D:9
    Orc (0/2) D:11         Vaults (0/5) D:13

Altars:
Ashenzari
Cheibriados
Dithmenos
Elyvilon
Fedhas
Gozag
Hepliaklqana
Kikubaaqudgha
Makhleb
Nemelex Xobeh
Okawaru
Qazlal
Ru
Sif Muna
Trog
Uskayaw
Vehumet
Xom
Yredelemnul
Zin
The Shining One

Shops:
D:5 =   D:9 %

Annotations:
D:6 exclusion: oklob plant


Innate Abilities, Weirdness & Mutations

You have razor-sharp teeth.
You heal very quickly.
When hurt, damage is shared between your health and your magic reserves.
Your bite disrupts and absorbs the magic of your enemies.
Potions and wands cannot restore your health.
You are immune to rotting.
You have sharp fingernails.


Message History

The meliai invokes the aid of its god against you.
Something smites you!
A water elemental comes into view.
You barely miss the meliai. Your bite misses the meliai.
The meliai hits you but does no damage. The meliai barely misses you.
The meliai invokes the aid of its god against you.
Something smites you! The meliai hits you but does no damage.
The meliai stings you!
You are poisoned.
The meliai poisons you! The meliai hits you but does no damage.
The meliai closely misses you. The meliai misses you.
The meliai barely misses you.
You feel sick.
The meliai invokes the aid of its god against you.
Something smites you!
* * * LOW HITPOINT WARNING * * *
You feel sick.
The meliai calls down the wrath of its god upon you.
Something smites you!
You die...

#.# #...# .# #.#
#...# ..# #.#
#...#...# #.#
#.E.#...# #.#
#.......# #.#
#.......# #.#
#.......#
#.#######y.......
#......@.y.......
#################


You could see 2 meliai.

Vanquished Creatures
  Frances (D:12)
  2 ettins (D:11)
  A hydra (D:14)
  4 vault guards
  4 centaur warriors
  The ghost of soukkis the Basher, a novice MiBe of Trog (D:9)
  Sonja (D:14)
  6 hill giants
  Pikel (D:7)
  3 manticores
  2 cyclopes
  A deep elf mage (D:13)
  Maurice (D:11)
  2 centaur zombies
  Psyche (D:8)
  2 gargoyles
  An ice devil (IceCv)
  8 trolls
  3 two-headed ogres
  A hornet (D:10)
  A meliai zombie (D:12)
  3 slime creatures (D:13)
  5 hippogriffs
  A spriggan (D:9)
  The ghost of dricus the Conjurer, an amateur DECj of Vehumet (D:4)
  A vampire (D:14)
  2 shadows
  3 wyverns
  14 yaks
  4 vampire mosquitoes (D:13)
  A hungry ghost (D:14)
  3 soldier ants
  3 spatial vortices (Abyss:1)
  2 porcupines (D:9)
  A swamp drake (D:11)
  Purgy (Sewer)
  6 orc warriors
  5 ice beasts
  A black bear (D:8)
  5 sky beasts
  6 ogres
  8 phantoms
  11 centaurs
  A small abomination (Abyss:1)
  3 crocodiles (D:9)
  A big kobold (D:13)
  8 bullfrogs
  2 gnoll sergeants
  3 scorpions
  16 killer bees
  9 wights
  5 howler monkeys
  3 crimson imps
  2 bullfrog zombies
  3 jellies
  10 hounds
  2 quasits
  4 bullfrog skeletons
  2 centaur skeletons
  8 orc priests
  7 iguanas
  15 worker ants
  14 orc wizards
  A killer bee zombie (D:9)
  2 hound skeletons
  2 worker ant zombies
  15 gnolls
  A howler monkey skeleton (D:10)
  4 river rats (D:9)
  17 adders
  4 shadow imps
  18 white imps
  2 ufetubi (IceCv)
  2 oozes
  4 adder skeletons
  3 worms
  3 dart slugs
  5 leopard geckos
  56 orcs
  7 bats
  11 giant cockroaches
  6 goblins
  5 hobgoblins
  7 jackals (D:3)
  14 kobolds
  3 quokkas (D:7)
  4 ball pythons
  11 frilled lizards
  2 jackal skeletons (D:4)
  A quokka zombie (D:6)
  6 rats
468 creatures vanquished.

Vanquished Creatures (collateral kills)
  A fire giant (D:11)
  A manticore (D:8)
  An orc warrior (D:14)
  A crocodile (D:8)
  A bullfrog (D:8)
  A bullfrog zombie (D:8)
  An orc priest (D:14)
  An orc wizard (D:14)
8 creatures vanquished.

Vanquished Creatures (others)
  A worker ant zombie (D:7)
  2 white imps (IceCv)
  2 ufetubi (IceCv)
  A bush (D:9)
  2 fungi (D:9)
  9 plants (D:9)
17 creatures vanquished.

Grand Total: 493 creatures vanquished

Notes
Turn   | Place    | Note
-------+----------+-------------------------------------------
     0 | D:1      | RUZZLEFAZAZZLE the Vine Stalker Berserker began the quest for the Orb.
     0 | D:1      | Reached XP level 1. HP: 11/11 MP: 2/2
    10 | D:1      | Reached skill level 3 in Polearms
    82 | D:1      | Reached XP level 2. HP: 15/16 MP: 3/3
   688 | D:2      | Reached XP level 3. HP: 15/19 MP: 2/4
  1194 | D:2      | Reached skill level 4 in Polearms
  1546 | D:2      | Found a faded altar of an unknown god.
  1630 | D:2      | Reached ** piety under Trog
  1731 | D:2      | Gained mutation: Your natural rate of healing is unusually fast. [Vine Stalker growth]
  1731 | D:2      | Reached XP level 4. HP: 23/23 MP: 5/5
  2344 | D:3      | Reached skill level 5 in Polearms
  2344 | D:3      | Reached XP level 5. HP: 27/27 MP: 6/6
  3011 | D:4      | Found a shadowy altar of Dithmenos.
  3092 | D:4      | Reached XP level 6. HP: 32/32 MP: 7/7
  3116 | D:4      | Found a glowing drain.
  3125 | Sewer    | Entered a sewer
  3163 | Sewer    | Reached *** piety under Trog
  3170 | Sewer    | Noticed Purgy
  3181 | Sewer    | Killed Purgy
  3344 | D:4      | Reached XP level 7. HP: 14/37 MP: 2/8
  3542 | D:4      | Found a sacrificial altar of Ru.
  3547 | D:4      | Found a stormy altar of Qazlal.
  3552 | D:4      | Found a snail-covered altar of Cheibriados.
  3712 | D:4      | Noticed dricus's ghost (amateur DECj)
  3720 | D:4      | Killed dricus's ghost
  3720 | D:4      | Reached skill level 6 in Polearms
  3847 | D:4      | Found a deep blue altar of Sif Muna.
  3848 | D:4      | Found an ancient bone altar of Kikubaaqudgha.
  3977 | D:5      | Entered Level 5 of the Dungeon
  3988 | D:5      | Gained mutation: You have razor-sharp teeth. [Vine Stalker growth]
  3988 | D:5      | Reached XP level 8. HP: 24/42 MP: 9/9
  3998 | D:5      | Found a staircase to the Ecumenical Temple.
  4009 | Temple   | Entered the Ecumenical Temple
  4321 | D:5      | Found Icaoc's Jewellery Shop.
  4918 | D:6      | Found a blossoming altar of Fedhas.
  4937 | D:6      | Noticed an oklob plant
  5027 | D:6      | Reached skill level 5 in Fighting
  5673 | D:6      | Reached **** piety under Trog
  5695 | D:6      | Reached skill level 7 in Polearms
  5805 | D:7      | Reached XP level 9. HP: 44/47 MP: 8/10
  6096 | D:7      | Noticed Pikel
  6109 | D:7      | Killed Pikel
  6109 | D:7      | Reached skill level 5 in Dodging
  6110 | D:7      | Reached skill level 5 in Armour
  6689 | D:8      | Noticed Psyche
  6736 | D:7      | Reached ***** piety under Trog
  6736 | D:7      | Reached XP level 10. HP: 53/53 MP: 8/11
  6764 | D:8      | Cast into level 1 of the Abyss (Psyche)
  6981 | Abyss:1  | Reached skill level 8 in Polearms
  7040 | D:8      | Escaped the Abyss
  7044 | D:8      | Killed Psyche
  7145 | D:8      | Noticed a manticore
  7152 | D:8      | Killed a manticore
  7726 | D:9      | Noticed soukkis's ghost (novice MiBe)
  7748 | D:9      | Killed soukkis's ghost
  7782 | D:9      | Reached XP level 11. HP: 36/60 MP: 12/12
  7803 | D:9      | Reached skill level 9 in Polearms
  7834 | D:9      | Found a staircase to the Lair.
  8241 | D:9      | Found Ogops's Food Boutique.
  8261 | D:9      | Bought a beef jerky for 15 gold pieces
  8261 | D:9      | Bought a slice of pizza for 15 gold pieces
  8261 | D:9      | Bought a fruit for 15 gold pieces
  8261 | D:9      | Bought a slice of pizza for 15 gold pieces
  8420 | D:9      | Received a gift from Trog
  8504 | D:10     | Entered Level 10 of the Dungeon
  9533 | D:11     | Found a staircase to the Orcish Mines.
  9633 | D:11     | Noticed Maurice
  9663 | D:11     | HP: 4/90 [something (7)]
  9753 | D:11     | Found a runed door.
  9753 | D:11     | Noticed a hill giant
  9755 | D:11     | Killed a hill giant
  9778 | D:11     | Noticed a hill giant
  9786 | D:11     | Killed a hill giant
  9887 | D:11     | Killed Maurice
 10177 | D:11     | Gained mutation: You heal very quickly. [Vine Stalker growth]
 10177 | D:11     | Reached XP level 12. HP: 66/66 MP: 13/13
 10286 | D:11     | Reached skill level 10 in Polearms
 10359 | D:11     | Noticed an ettin
 10364 | D:11     | Killed an ettin
 10400 | D:11     | Noticed a fire giant
 10400 | D:11     | Noticed an ettin
 10406 | D:11     | Killed a fire giant
 10409 | D:11     | Killed an ettin
 10419 | D:11     | Got a crystal scimitar
 10474 | D:11     | Received a gift from Trog
 10745 | D:12     | Found a stormy altar of Qazlal.
 10745 | D:12     | Noticed Frances
 10750 | D:12     | Gained mutation: You have sharp fingernails. [a neqoxec]
 10807 | D:12     | Noticed a soul eater
 10849 | D:12     | Killed Frances
 10849 | D:12     | Reached skill level 1 in Throwing
 11127 | D:12     | Noticed a centaur warrior
 11136 | D:12     | Killed a centaur warrior
 11188 | D:12     | Found a frozen archway.
 11194 | IceCv    | Entered an ice cave
 11494 | D:13     | Found a gate to the Vaults.
 11494 | D:13     | Noticed a vault guard
 11494 | D:13     | Noticed a vault guard
 11494 | D:13     | Noticed a vault guard
 11495 | D:13     | Noticed a vault guard
 11520 | D:12     | Killed a vault guard
 11545 | D:12     | Killed a vault guard
 11545 | D:12     | Reached skill level 10 in Fighting
 11581 | D:12     | Reached XP level 13. HP: 72/72 MP: 14/14
 11599 | D:12     | Killed a vault guard
 11747 | D:13     | Killed a vault guard
 11923 | D:13     | Reached skill level 11 in Polearms
 12261 | D:13     | Received a gift from Trog
 13165 | D:14     | Reached skill level 5 in Throwing
 13279 | D:14     | Noticed Sonja
 13290 | D:14     | Killed Sonja
 13426 | D:14     | Killed from afar by a meliai

Skill      XL: |  1  2  3  4  5  6  7  8  9 10 11 12 13 |
---------------+----------------------------------------+-----
Polearms       | 3 4 5 6 7 8 9 10 11 | 11.4
Fighting       | 3 4 5 6 7 9 10 | 10.8
Dodging        | 2 3 4 5 6 7 8 9 |  9.7
Armour         | 2 3 4 5 6 7 8 9 |  9.6
Throwing       | 3 5 |  5.2

Action                   |  1- 3 |  4- 6 |  7- 9 | 10-12 | 13-15 || total
-------------------------+-------+-------+-------+-------+-------++-------
Melee: Spear             |    86 |       |       |    58 |       ||   144
       Bite              |    21 |    35 |    77 |   203 |   108 ||   444
       Trident           |    29 |    75 |       |       |       ||   104
       Halberd           |       |   103 |   308 |   625 |   212 ||  1248
       Bardiche          |       |       |       |       |    97 ||    97
Throw: Javelin           |       |       |       |     2 |     2 ||     4
Invok: Berserk           |       |       |     8 |    10 |     2 ||    20
       Burn Spellbooks   |       |       |     1 |       |       ||     1
       Brothers in Arms  |       |       |       |     4 |     1 ||     5
       Trog's Hand       |       |       |       |     1 |       ||     1
Evoke: Wand              |       |       |     1 |       |       ||     1
  Use: Scroll            |       |     5 |     4 |     6 |     2 ||    17
       Potion            |       |       |       |     5 |       ||     5
 Stab: Sleeping          |     3 |     1 |       |       |       ||     4
       Invisible         |       |       |       |     1 |       ||     1
       Distracted        |       |       |       |     1 |     1 ||     2
  Eat: Bread ration      |     1 |       |     1 |       |       ||     2
       Chunk             |       |     4 |    11 |    23 |    11 ||    49
       Beef jerky        |       |       |     1 |     4 |       ||     5
Armor: Animal skin       |    19 |     5 |       |       |       ||    24
       Chain mail        |       |    90 |   196 |   259 |       ||   545
       Plate armour      |       |       |       |    12 |   182 ||   194
Dodge: Dodged            |    44 |    85 |   209 |   320 |   202 ||   860
Block: Shield            |    11 |       |       |       |       ||    11
       Other             |       |       |     1 |       |       ||     1
